AoeStats
← Malelf

Arabia

507687604Analyzed
1v1 RM · 12d ago on Sep 19, 2026· 46m 59s· 2 players
Game mode
Random Map
Map size
Tiny (2 player)
Population
200
Speed
Normal
Resources
Standard
Victory
Conquest
Starting age
Dark Age
Ending age
Imperial Age
RankedLock teamsTeams togetherTeam positionsShared explorationLock speedFull tech treeHidden civsTurbo modeCheats
Victory
Defeat
🇮🇹 Persians · Italy
1691
+13
🇨🇳 Romans · China
1629
-13
seabed
3:16 Loom
9:12 Feudal Age
10:09 Double-Bit Axe
16:02 Padded Archer Armor
20:47 Castle Age
19:36 Fletching
20:03 Town Watch
22:41 Horse Collar
25:34 Pikeman
26:59 Scale Mail Armor
32:46 Imperial Age
31:43 Squires
32:47 Chain Mail Armor
35:24 Wheelbarrow
36:17 Halberdier
38:38 Capped Ram
39:44 Forging
39:32 Bodkin Arrow
39:42 Elite Skirmisher
41:11 Leather Archer Armor
43:08 Chemistry
44:47 Conscription
47:28 Bow Saw
Malelf
7:33 Loom
10:41 Feudal Age
11:02 Double-Bit Axe
10:59 Horse Collar
19:22 Castle Age
17:41 Gold Mining
20:09 Wheelbarrow
20:08 Bow Saw
22:01 Heavy Plow
23:20 Stone Mining
25:45 Town Watch
31:49 Imperial Age
30:32 Hand Cart
30:56 Gold Shaft Mining
32:51 Fletching
33:34 Crop Rotation
34:05 Two-Man Saw
34:41 Ballistics
34:24 Bodkin Arrow
35:31 Conscription
35:21 Padded Archer Armor
36:30 Chemistry
35:41 Masonry
36:25 Stone Shaft Mining
37:27 Hoardings
37:31 Kamandaran
37:06 Crossbowman
37:52 Thumb Ring
38:34 Leather Archer Armor
38:52 Architecture
39:53 Ring Archer Armor
40:41 Hoardings
40:22 Citadels
41:50 Murder Holes
42:12 Light Cavalry
43:02 Bloodlines
42:53 Husbandry
42:19 Cavalier
43:06 Scale Barding Armor
43:12 Forging
44:11 Chain Barding Armor
45:19 Guilds
44:50 Savar
46:18 Plate Barding Armor
46:18 Iron Casting
46:04 Elite War Elephant
Connection lost

Rejoining the realm…

Still unreachable

The connection could not be restored.

Session expired

The server has moved on; the page needs a fresh start.